 Dungeon Crawl Stone Soup version 0.19.0-1-g5985abe (webtiles) character file.

306 spiff the Slasher (level 6, -1/40 HPs)
             Began as a High Elf Skald on Nov 2, 2016.
             Was a Follower of Dithmenos.
             Slain by Dowan
             ... wielding a +0 dagger
              (2 damage)
             ... on level 3 of the Dungeon.
             The game lasted 00:11:12 (4647 turns).

spiff the Slasher (High Elf Skald)                  Turns: 4647, Time: 00:11:13

Health: -1/40      AC:  4    Str: 11    XL:     6   Next: 16%
Magic:  8/10       EV: 11    Int: 15    God:    Dithmenos [*.....]
Gold:   124        SH:  0    Dex: 18    Spells: 4 memorised, 0 levels left

rFire  . . .     SeeInvis .     a - +0 falchion
rCold  . . .     Gourm    .     b - +1 leather armour
rNeg   . . .     Faith    .     (no shield)
rPois  .         Spirit   .     (no helmet)
rElec  .         Reflect  .     (no cloak)
rCorr  .         Harm     .     (no gloves)
MR     .....                    (no boots)
Stlth  +++.......               (no amulet)
                                (no ring)
                                h - ring of stealth

@: infused, wreathed by umbra
A: no striking features
a: Renounce Religion


You were on level 3 of the Dungeon.
You worshipped Dithmenos.
Dithmenos was aware of your devotion.
You were not hungry.

You visited 1 branch of the dungeon, and saw 4 of its levels.

You collected 124 gold pieces.

Inventory:

Hand Weapons
 a - a +0 falchion (weapon)
Armour
 b - a +1 leather armour (worn)
 t - a +2 shield
Jewellery
 h - a ring of stealth (left hand)
 p - a cursed amulet of inaccuracy {unknown}
Scrolls
 i - a scroll of identify {unknown}
 m - a scroll of enchant armour
 o - 3 scrolls of remove curse
 q - a scroll of magic mapping {unknown}
 v - a scroll of random uselessness {unknown}
 w - a scroll of blinking {unknown}
Potions
 e - a potion of degeneration {unknown}
 f - 2 potions of might {unknown}
 g - a potion of brilliance {unknown}
 j - a potion of invisibility {unknown}
 k - a potion of heal wounds {unknown}
 l - a potion of cancellation {unknown}
 n - a potion of berserk rage {unknown}
Books
 c - a book of Battle

   Spells                             Type                      Level
   a - Infusion                       Charms                       1
   b - Shroud of Golubria             Charms/Translocation         2
   c - Song of Slaying                Charms                       2
   d - Spectral Weapon                Hexes/Charms                 3
   e - Regeneration                   Charms/Necromancy            3
 u - a book of Minor Magic

   Spells                             Type                      Level
   a - Magic Dart                     Conjuration                  1
   b - Blink                          Translocation                2
   c - Call Imp                       Summoning                    2
   d - Repel Missiles                 Charms/Air                   2
   e - Slow                           Hexes                        2
   f - Conjure Flame                  Conjuration/Fire             3
   g - Mephitic Cloud                 Conjuration/Poison/Air       3
Comestibles
 d - 4 bread rations
 s - a slice of pizza
 x - 3 chunks of flesh


   Skills:
 + Level 2.3 Fighting
 * Level 7.7 Long Blades
 - Level 0.8 Armour
 - Level 1.1 Dodging
 - Level 2.4 Spellcasting
 - Level 3.6 Charms


You couldn't memorise any spells.
You knew the following spells:

 Your Spells              Type           Power        Failure   Level  Hunger
a - Infusion              Chrm           ##..         10%         1    #......
e - Shroud of Golubria    Chrm/Tloc      #.........   24%         2    ###....
r - Regeneration          Chrm/Necr      #.........   47%         3    ###....
s - Spectral Weapon       Hex/Chrm       #.......     47%         3    ###....


Dungeon Overview and Level Annotations

Branches:
Dungeon (4/15)
 Temple: D:4-7

Altars:
Dithmenos
Gozag
Ru
Sif Muna
Zin

Annotations:
D:3 Dowan, Duvessa


Message History

The orc wizard gestures at you while chanting.
The puff of flame hits you!
You miss the orc wizard. The orc wizard barely misses you.
You hit the orc wizard.
The orc wizard is moderately wounded.
The orc wizard hits you but does no damage.
You barely miss Dowan. Dowan hits you with a dagger.
The orc wizard barely misses you. Dowan gestures at you while chanting.
The puff of frost hits you! The orc wizard completely misses you.
Duvessa hits you with a short sword of electrocution.
You are electrocuted!
* * * LOW HITPOINT WARNING * * *
You climb upwards.
There is a stone staircase leading down here.
As you read the scroll labeled SUMUFUFIFE, it crumbles to dust.
It is a scroll of recharging.
You aren't carrying any rechargeable items.
Dowan hits you with a dagger.
You die...

##### #...###### #........#
########...####.##
#.........####...##
#######.####e.o.........######
#.......# #.@.#.###.>........
#.####### ##e###.###.######..
#.# #.## ##.##.# ##.#. #)#
#..###.....# ##.### #.#
#...#.####.# #.## # ###.#
#..#.## #.# ##.### #...#
#..#.# ##.## ##.#.
#.############..#.#
##.#.#####.. #.#
#...........#.###.###.......


You could see Duvessa, Dowan and an orc wizard.

Vanquished Creatures
  A howler monkey (D:3)
  An orc priest (D:3)
  An orc wizard (D:3)
  An iguana (D:3)
  2 worker ants
  3 adders
  2 oozes
  2 worms
  3 dart slugs
  4 leopard geckos
  13 orcs
  A ball python (D:3)
  8 bats
  3 giant cockroaches
  7 goblins
  7 hobgoblins
  2 jackals (D:2)
  3 kobolds
  2 quokkas (D:3)
  4 frilled lizards
  4 rats
74 creatures vanquished.

Notes
Turn   | Place    | Note
-------+----------+-------------------------------------------
     0 | D:1      | spiff the High Elf Skald began the quest for the Orb.
     0 | D:1      | Reached XP level 1. HP: 14/14 MP: 4/4
    64 | D:1      | Reached skill level 3 in Long Blades
   567 | D:1      | Reached XP level 2. HP: 18/19 MP: 6/6
   849 | D:1      | Reached skill level 4 in Long Blades
  1130 | D:2      | Reached XP level 3. HP: 12/24 MP: 7/7
  1419 | D:2      | Found a sacrificial altar of Ru.
  1873 | D:2      | Found an opulent altar of Gozag.
  1873 | D:2      | Found a glowing silver altar of Zin.
  2159 | D:2      | Found a shadowy altar of Dithmenos.
  2218 | D:2      | Became a worshipper of Dithmenos the Shadowed
  2286 | D:3      | Found a deep blue altar of Sif Muna.
  2374 | D:3      | Reached skill level 5 in Long Blades
  2546 | D:3      | Reached XP level 4. HP: 28/29 MP: 8/8
  2615 | D:3      | Learned a level 2 spell: Shroud of Golubria
  2851 | D:3      | Reached * piety under Dithmenos
  2952 | D:3      | Learned a level 3 spell: Spectral Weapon
  3004 | D:3      | Reached skill level 6 in Long Blades
  3271 | D:3      | Reached XP level 5. HP: 31/34 MP: 5/9
  3619 | D:4      | Reached skill level 7 in Long Blades
  3846 | D:4      | Noticed Dowan
  3848 | D:4      | Noticed Duvessa
  4246 | D:3      | Reached XP level 6. HP: 35/39 MP: 2/10
  4369 | D:3      | Learned a level 3 spell: Regeneration
  4645 | D:4      | HP: 1/40 [Duvessa/short sword of electrocution (14)]
  4647 | D:3      | Slain by Dowan

Skill      XL: |  1  2  3  4  5 |
---------------+----------------+-----
Long Blades    | 3 4 5 6 7 |  7.7
Fighting       | |  2.3
Armour         | |  0.8
Dodging        | |  1.1
Spellcasting   | |  2.4
Charms         | |  3.6

Action                   |  1- 3 |  4- 6 || total
-------------------------+-------+-------++-------
Melee: Falchion          |    93 |   122 ||   215
 Cast: Infusion          |    12 |    12 ||    24
       Shroud of Golubri |       |     1 ||     1
  Use: Scroll            |     5 |     1 ||     6
 Stab: Sleeping          |     3 |       ||     3
  Eat: Chunk             |     5 |     8 ||    13
Armor: Leather armour    |    25 |    18 ||    43
       Scale mail        |     8 |     5 ||    13
Dodge: Dodged            |    71 |   102 ||   173
       Rpst.: Falchion   |    26 |    43 ||    69
